 Dungeon Crawl Stone Soup version 0.28-a0-476-g0f06bd746f (webtiles) character file.

Game seed: 14480060887918815062

63 Leszczynek the Chopper (level 4, -3/33 HPs)
             Began as a Human Gladiator on Sept 16, 2021.
             Was a Believer of Ru.
             Slain by Grinder (6 damage)
             ... while paralysed by Grinder
             ... on level 3 of the Dungeon.
             The game lasted 00:07:33 (805 turns).

Leszczynek the Chopper (Human Gladiator)             Turns: 805, Time: 00:07:33

Health: -3/33      AC:  4    Str: 15    XL:     4   Next: 31%
Magic:  4/4        EV:  2    Int:  9    God:    Ru [**....]
Gold:   121        SH:  0    Dex: 14    Spells: 3/3 levels left

rFire   . . .      SeeInvis .   a - +0 war axe
rCold   . . .      Faith    .   (no shield)
rNeg    . . .      Spirit   .   m - +0 leather armour
rPois   .          Reflect  .   c - +0 helmet
rElec   .          Harm     .   (no cloak)
rCorr   .          Rampage  .   (no gloves)
Will    .....                   (no boots)
Stlth   +.........              (no amulet)
HPRegen 0.11/turn               (no ring)
MPRegen 0.09/turn               (no ring)

@: paralysed
A: inability to use devices
a: Renounce Religion


You were on level 3 of the Dungeon.
You worshipped Ru.
Ru was pleased with you.
You visited 1 branch of the dungeon, and saw 4 of its levels.

You collected 121 gold pieces.

Inventory:

Hand Weapons
 a - a +0 war axe (weapon)
 b - a +0 hunting sling
Missiles
 d - 3 throwing nets (quivered)
 f - 33 arrows
 i - 69 stones
 l - 18 sling bullets
 n - 2 javelins
 r - 6 boomerangs
Armour
 c - a +0 helmet (worn)
 m - a +0 leather armour (worn)
Scrolls
 e - a scroll of silence {unknown}
 g - a scroll of noise {unknown}
 k - 4 scrolls of identify {unknown}
 p - 2 scrolls of fear {unknown}
Potions
 h - 4 potions of curing {unknown}
 j - a potion of degeneration {unknown}
 o - a potion of lignification {unknown}
 q - 2 potions of magic {unknown}
 s - a potion of cancellation {unknown}


   Skills:
 - Level 2.0 Fighting
 + Level 4.8 Axes
 - Level 2.0 Throwing
 - Level 3.0 Dodging


You had 3 spell levels left.
You didn't know any spells.
Your spell library contained the following spells:

 Spells                   Type           Power      Damage    Failure   Level
 Animate Armour           Summ/Erth      0%         N/A       99%         4
 Summon Lightning Spire   Summ/Air       0%         N/A       99%         4
 Summon Hydra             Summ           0%         N/A       100%        7


Dungeon Overview and Level Annotations

Branches:
Dungeon (4/15)             Temple (0/1) D:4

Altars:
Ru

Annotations:
D:3 Grinder


Innate Abilities, Weirdness & Mutations

You cannot study or use magical devices.


Message History

Moaning pathetically, Natasha's spirit plunges into the ground.
The iron imp disappears in a puff of smoke!
You have reached level 4!
You feel clever.
You see here the felid corpse of Natasha.
A bat comes into view.
The bat barely misses you.
You hit the bat.
You kill the bat!
No target in view!
No target in view!
Unknown command.
You open the door.
There is an open door here.
Found an escape hatch in the ceiling.
Grinder shouts!
You now have 121 gold pieces (gained 13).
Okay, then.
Okay, then.
Grinder blinks!
Grinder gestures at you. You resist with significant effort. Grinder hits you.
You writhe in agony.
You hit Grinder.
Grinder is lightly wounded.
Grinder hits you.
You writhe in agony.
You closely miss Grinder.
Grinder is lightly wounded.
You redirect Grinder's attack!
Grinder closely misses herself.
Grinder gestures at you.
You suddenly lose the ability to move!
Grinder hits you!
You writhe in agony.
Grinder hits you!
* * * LOW HITPOINT WARNING * * *
You writhe in agony.
* * * LOW HITPOINT WARNING * * *
Grinder barely misses you. Grinder hits you.
You die...

#####
########.#.#
.......<...#
########.#.######
.....5..........#
.######.#.#####.#
#.5.)....#####.#
#@#....#.......#
#.#.####.......#
#..............#
###.####.......#
#.#<....#'##.#
#<#####.#.# # #.#
#.#.# #.. ..#.# #
##########.##.###


You could see Grinder.

Vanquished Creatures
  Natasha (D:3)
  2 dart slugs
  3 endoplasms
  3 giant cockroaches
  A goblin (D:1)
  3 hobgoblins
  3 quokkas (D:1)
  4 ball pythons
  6 bats
  2 frilled lizards (D:2)
  4 kobolds
  3 rats
35 creatures vanquished.

Notes
Turn   | Place    | Note
-------+----------+-------------------------------------------
     0 | D:1      | Leszczynek the Human Gladiator began the quest for the Orb.
     0 | D:1      | Reached XP level 1. HP: 16/16 MP: 1/1
    76 | D:1      | Reached XP level 2. HP: 13/22 MP: 2/2
   118 | D:1      | Found a faded altar of an unknown god.
   139 | D:1      | inb4 vehumet
   139 | D:1      | Became a worshipper of Ru the Awakened
   140 | D:1      | XD
   170 | D:1      | Gained mutation: You cannot study or use magical devices.
                  | [Ru sacrifice]
   170 | D:1      | Reached * piety under Ru
   170 | D:1      | Reached ** piety under Ru
   171 | D:1      | you know, i wonder if sacrificing artifice is really that
                  | big of a sacrifice now that HW and haste are gone
   171 | D:1      | wands, i mean
   314 | D:2      | Reached skill level 4 in Axes
   314 | D:2      | Reached XP level 3. HP: 26/27 MP: 3/3
   492 | D:3      | Noticed Grinder
   522 | D:2      | Got the Collected Works on Summoning
   716 | D:4      | Found a staircase to the Ecumenical Temple.
   753 | D:3      | Noticed Natasha
   756 | D:3      | Killed Natasha
   757 | D:3      | Reached XP level 4. HP: 31/33 MP: 4/4
   801 | D:3      | Paralysed by Grinder for 6 turns
   803 | D:3      | HP: 4/33 [Grinder (8)]
   805 | D:3      | Slain by Grinder

Illustrated notes

..##### #..≈ ...≈$≈.
#.!≈≈. ≈.≈...#
#.≈≈≈≈≈≈≈≈≈≈≈.#
#.≈≈≈≈≈≈≈≈≈r≈.#
#.≈≈≈≈≈≈≈≈≈≈≈≈#
#..≈≈≈♣♣≈≈≈≈≈.#
#≈.r≈≈≈@.≈≈≈≈.##
#≈≈≈≈≈≈.≈≈≈≈≈≈.#
#.≈≈≈≈≈≈≈≈≈≈≈..#
#≈≈≈≈≈≈≈≈≈≈≈...#
#≈.≈≈≈≈≈≈≈≈≈≈..##
#.........≈≈≈...###
#≈........≈..≈#...######
#######...#######......#
###.##........##.#


Turn 139 on D:1: inb4 vehumet ..##### #..≈ ...≈$≈. #.!≈≈. ≈.≈...#
#.≈≈≈≈≈≈≈≈≈≈≈.# #.≈≈≈≈≈≈≈≈≈r≈.# #.≈≈≈≈≈≈≈≈≈≈≈≈# #..≈≈≈♣♣≈≈≈≈≈.# #≈.r≈≈≈@.≈≈≈≈.##
#≈≈≈≈≈≈.≈≈≈≈≈≈.# #.≈≈≈≈≈≈≈≈≈≈≈..# #≈≈≈≈≈≈≈≈≈≈≈...# #≈.≈≈≈≈≈≈≈≈≈≈..##
#.........≈≈≈...### #≈........≈..≈#...###### #######...#######......#
###.##........##.# Turn 140 on D:1: XD .......# .......# .......# ......# .....#
#..#### . ######....######... #..≈≈.≈....≈$≈...# #.†≈≈.≈≈≈.≈@..####
#.≈≈≈≈≈≈≈≈≈≈≈.# #.≈≈≈≈≈≈≈≈≈≈≈.# #.≈≈≈≈≈≈≈≈≈≈≈≈# #..≈≈≈♣♣≈≈≈≈≈.# #≈.≈≈≈≈_.≈≈≈≈.##
#≈≈≈≈≈≈.≈≈≈≈≈≈.# #.≈≈≈≈≈≈≈≈≈≈≈..# .# #≈≈≈≈≈≈≈≈≈≈≈...# .. Turn 171 on D:1: you
know, i wonder if sacrificing artifice is really that big of a sacrifice now
that HW and haste are gone

Levels and vault maps discovered:
D:1:      dpeg_arrival_arbitrary_c, layout_rooms,
          chequers_ecumenical_altar_island
D:2:      layout_basic
D:3:      layout_basic, mainiacjoe_overflow_six_doors_small, uniq_grinder,
          uniq_natasha
D:4:      kennysheep_big_flooded_room, layout_basic, temple_fountains,
          uniq_sigmund

Skill      XL: |  1  2 |
---------------+-------+-----
Axes           | 4 |  4.8
Fighting       | |  2.0
Throwing       | |  2.0
Dodging        | |  3.0

Action                   |  1- 3 |  4- 6 || total
-------------------------+-------+-------++-------
Melee: War axe           |    75 |     3 ||    78
Invok: Sacrifice Artific |     1 |       ||     1
 Stab: Sleeping          |     1 |       ||     1
Armor: Leather armour    |    28 |       ||    28
Dodge: Dodged            |    40 |     2 ||    42

Table legend: (Time is in decaauts)
 A = Elapsed time spent in this place.
 B = Non-inter-level travel time spent in this place.
 C = Inter-level travel time spent in this place.
 D = Time resting spent in this place.
 E = Time spent auto-exploring this place.
 F = Levels seen in this place.
 G = Mean time per level.
                   A        B        C        D        E       F      G
               +--------+--------+--------+--------+--------+-----+--------+
         Total |    839 |    821 |     18 |      0 |      0 |   4 |  209.8 |
       Dungeon |    839 |    821 |     18 |      0 |      0 |   4 |  209.8 |
               +--------+--------+--------+--------+--------+-----+--------+

Top non-repeatable levels by time:
     D:1: 315 daAuts
     D:2: 312 daAuts
     D:3: 147 daAuts
     D:4: 64 daAuts
